 Dungeon Crawl Stone Soup version 0.31.0-32-g396128a36d (webtiles) character file.

Game seed: 13002292422089163562

148143 FexLirch the Markshuman (level 17, -22/125 HPs)
             Began as a Human Wanderer on Mar 4, 2024.
             Was a High Priest of Hepliaklqana.
             Killed from afar by an eleionoma (55 damage)
             ... with a spray of wooden splinters
             ... on level 2 of the Swamp on Mar 8, 2024.
             The game lasted 02:40:32 (27581 turns).

FexLirch the Markshuman (Human Wanderer)           Turns: 27581, Time: 02:40:32

Health: -22/125    AC:  9    Str: 13    XL:     17   Next: 48%
Magic:  13/33      EV: 32    Int: 16    God:    Hepliaklqana [*****.]
Gold:   1860       SH:  0    Dex: 37    Spells: 9/25 levels left

rFire   + . .        P - +0 arbalest
rCold   + + +        (shield currently unavailable)
rNeg    . . .        h - +0 robe of Weirdness {rF+ Str+3 Dex+4}
rPois   +            j - +1 hat {SInv}
rElec   +            N - +1 cloak {rPois}
rCorr   .            m - +0 pair of gloves
SInv    +            R - +2 pair of boots
Will    +++..        s - amulet of Kuaqurei {RegenMP rC+ Will+}
Stlth   ++           c - ring "Jokogod" {Will+ Int+4 Dex+4}
HPRegen 0.40/turn    Z - ring of the Voivode {*Corrode rC++ MP+9 Dex+5}
MPRegen 0.63/turn

%: corrode self (3%)
@: confused, ambrosia-drunk, very slightly contaminated
A: reduced essence, explore regen, talons 1, sense surroundings 1, electricity
resistance
a: Renounce Religion, Recall Ancestor, Ancestor Identity, Transference, Idealise


You were on level 2 of the Swamp.
You worshipped Hepliaklqana.
Hepliaklqana was extremely pleased with you.
You visited 5 branches of the dungeon, and saw 25 of its levels.
You also visited: Gauntlet.

You collected 2387 gold pieces.
You spent 527 gold pieces at shops.

Inventory:

Hand Weapons
 i - a +4 dagger of distortion
 G - the +5 arbalest "Luloiliv" {heavy, rF+ Will+}
   (You bought it in a shop on level 2 of the Orcish Mines)

   rF+:       It protects you from fire.
   Will+:     It increases your willpower.
 P - a +0 arbalest (weapon)
Missiles
 U - 7 silver javelins
Armour
 d - a +0 troll leather armour
 h - the +0 robe of Weirdness (worn) {rF+ Str+3 Dex+4}
   (You found it on level 12 of the Dungeon)

   Str+3:     It affects your strength (+3).
   Dex+4:     It affects your dexterity (+4).
   rF+:       It protects you from fire.
 j - a +1 hat of see invisible (worn)
 m - a +0 pair of gloves (worn)
 p - a +2 robe of resistance
 y - a scarf of resistance
 N - a +1 cloak of poison resistance (worn)
 R - a +2 pair of boots (worn)
 X - a +2 hat of willpower
Jewellery
 a - a ring of resist corrosion
 c - the ring "Jokogod" (left hand) {Will+ Int+4 Dex+4}
   (You found it on level 14 of the Dungeon)

   [ring of willpower]

   Int+4:     It affects your intelligence (+4).
   Dex+4:     It affects your dexterity (+4).
   Will+:     It increases your willpower.
 f - a ring of flight
 k - a ring of willpower
 s - the amulet of Kuaqurei (around neck) {RegenMP rC+ Will+}
   (You found it in a Gauntlet)

   [amulet of magic regeneration]

   RegenMP:   It increases your rate of magic regeneration.
   rC+:       It protects you from cold.
   Will+:     It increases your willpower.
 H - a ring of protection from cold
 Q - a ring of protection from fire
 T - a +6 ring of intelligence
 Z - the ring of the Voivode (right hand) {*Corrode rC++ MP+9 Dex+5}
   (You found it on level 2 of the Lair of Beasts)

   [ring of magical power]

   Dex+5:     It affects your dexterity (+5).
   rC++:      It greatly protects you from cold.
   MP+9:      It affects your magic capacity (+9).
   *Corrode:  It may corrode you when you take damage.
Wands
 b - a wand of light (6)
 D - a wand of iceblast (9)
 E - a wand of flame (11)
 S - a wand of polymorph (8)
 V - a wand of charming (20)
Scrolls
 e - a scroll of fear
 g - 2 scrolls of silence
 n - 2 scrolls of blinking
 r - 5 scrolls of enchant armour
 t - 5 scrolls of teleportation
 u - 10 scrolls of immolation
 x - 5 scrolls of fog
 A - a scroll of revelation
 B - 4 scrolls of enchant weapon
 L - 2 scrolls of vulnerability
 Y - 2 scrolls of torment
Potions
 l - 4 potions of enlightenment
 o - 2 potions of attraction
 q - 3 potions of might
 v - 2 potions of brilliance
 w - 2 potions of berserk rage
 z - a potion of haste
 C - a potion of invisibility
 F - 6 potions of heal wounds
 I - a potion of resistance
 J - 4 potions of mutation
 K - 7 potions of curing
 M - 4 potions of magic
 O - 3 potions of cancellation
 W - 3 potions of ambrosia


   Skills:
 + Level 14.1 Fighting
 + Level 18.2 Ranged Weapons
 - Level 2.0 Throwing
 + Level 14.2 Dodging
 - Level 7.0 Stealth
 + Level 4.8 Spellcasting
 + Level 2.5 Translocations
 - Level 6.3 Fire Magic
 + Level 7.9 Alchemy
 + Level 10.3 Invocations
 - Level 4.0 Evocations


You had 9 spell levels left.
You knew the following spells:

 Your Spells              Type           Power      Damage    Failure   Level
a - Olgreb's Toxic Radia  Alch           29%        N/A       6%          4
b - Ignite Poison         Fire/Alch      26%        N/A       9%          4
c - Blink                 Tloc           24%        N/A       9%          2
d - Gell's Gravitas       Tloc           12%        N/A       16%         3
e - Teleport Other        Tloc           12%        N/A       16%         3

Your spell library contained the following spells:

 Spells                   Type           Power      Damage    Failure   Level
 Lesser Beckoning         Tloc           24%        N/A       9%          2
 Sticky Flame             Fire/Alch      26%        2d6       9%          4
 Freeze                   Ice            12%        1d3       16%         1
 Magic Dart               Conj           12%        1d3       16%         1
 Call Imp                 Summ           6%         N/A       24%         2
 Sublimation of Blood     Necr           3%         N/A       24%         2
 Leda's Liquefaction      Alch/Erth      8%         N/A       30%         4
 Petrify                  Alch/Erth      16%        N/A       30%         4
 Frozen Ramparts          Ice            6%         1d1       43%         3
 Hailstorm                Conj/Ice       3%         3d5       43%         3
 Irradiate                Conj/Alch      8%         3d14      63%         5
 Animate Armour           Summ/Erth      6%         N/A       83%         4
 Summon Lightning Spire   Summ/Air       3%         N/A       83%         4
 Lee's Rapid Deconstruct  Erth           1%         3d4*      99%         5
 Metabolic Englaciation   Hex/Ice        1%         N/A       99%         5
 Summon Mana Viper        Hex/Summ       3%         N/A       99%         5
 Ozocubu's Refrigeration  Ice            1%         4d7       100%        7
 Spellforged Servitor     Conj/Summ      1%         N/A       100%        7
 Discord                  Hex            1%         N/A       100%        8
 Ignition                 Fire           12%        3d6       100%        8
 Dragon's Call            Summ           1%         N/A       100%        9


Dungeon Overview and Level Annotations

Branches:
Dungeon (15/15)            Temple (1/1) D:6            Lair (5/5) D:10
  Swamp (2/4) Lair:2       Spider (0/4) Lair:2        Slime (0/5) Lair:5
    Orc (2/2) D:9             Elf (0/3) Orc:2        Vaults (0/5) D:13
 Depths (0/4) D:15        Gauntlet (visited)

Altars:
Ashenzari
Cheibriados
Dithmenos
Elyvilon
Fedhas
Gozag
Hepliaklqana
Kikubaaqudgha
Makhleb
Nemelex Xobeh
Okawaru
Qazlal
Ru
Sif Muna
Trog
Uskayaw
Vehumet
Wu Jian
Xom
Yredelemnul
Zin
The Shining One
Jiyva

Shops:
D:12 !   D:14 [   Orc:2 (([(

Annotations:
D:9 1 transporter
D:13 exclusion: door
Swamp:1 3 runed translucent doors, velxir3's ghost, journeyman GrEE
Orc:1 2 transporters, Endellion's ghost, journeyman DsFi


Innate Abilities, Weirdness & Mutations

Your life essence is reduced to manifest your ancestor. (-10% HP)
You regain HP and MP as you explore.
You have sharp toenails.
You passively map a small area around you.
You are resistant to electric shocks. (rElec)


Message History

Casting: Teleport Other (mildly dangerous; 16% risk of failure)
Confirm with . or Enter, or press ? or * to list all spells.
You miscast Olgreb's Toxic Radiance.
Nothing appears to happen.
The eleionoma shouts!
You hear a shout!
Casting: Olgreb's Toxic Radiance (dangerous; 6% risk of failure)
Confirm with . or Enter, or press ? or * to list all spells.
You begin to radiate toxic energy.
The eleionoma is poisoned.
You hear a chilling moan.
A will-o-the-wisp comes into view.
You are too injured to fight recklessly!
Fire: P) +0 arbalest
Press: ? - help, Q - select action, (/) - cycle Shift-Dir - straight line, f - eleionoma
Aim: an eleionoma (lightly wounded, poisoned, 77% to hit)
You shoot a bolt. The bolt hits the eleionoma!
The eleionoma is lightly wounded.
The eleionoma looks even sicker.
The eleionoma flows through the trees.
The will-o-the-wisp gestures.
The will-o-the-wisp conjures some marshlight! 2 foxfires come into view.
Fire: P) +0 arbalest
Press: ? - help, Q - select action, (/) - cycle Shift-Dir - straight line, f/p - eleionoma
Aim: an eleionoma (lightly wounded, very poisoned, 77% to hit)
You shoot a bolt. The bolt hits the eleionoma!!
The eleionoma is heavily wounded.
Your toxic aura wanes.
You hear a shout!
The foxfire hits you! You resist. The foxfire hits you! You resist.
The will-o-the-wisp gestures.
The will-o-the-wisp conjures some marshlight!
The eleionoma completely misses you.
An eleionoma comes into view.
You hear a chilling moan. 2 foxfires come into view.
You are confused.
You feel invigorated. The foxfire hits you! You resist. The foxfire hits you!
You resist.
* * * LOW HITPOINT WARNING * * *
The eleionoma hurls a spray of splinters at you.
The spray of wooden splinters hits you!!!
You die...

* ~ *
, * *
~ ~
*♣ ,
, ♣♣R
* , ,
♣.# *
~ , ,
♣.# ,
, ♣R#
,* ,
,,
♣@# ,
,,
,*♣§#
*, *
v§# ,
*
♣♣.#
, ,
♣.#
,,
♣.# *
* , ,
♣.#,
♣.#'
~ , ,
~


You could see 2 eleionomae and a will-o-the-wisp.

Vanquished Creatures
  Agnes (D:15)
  A thorn hunter (Swamp:2)
  An orc warlord (Orc:2)
  The ghost of jimmypageman the Fencer, a journeyman MiFi of Okawaru (Lair:2)
  2 eleionomae
  A bunyip (Swamp:1)
  4 dire elephants (Lair:5)
  Josephine (D:10)
  A rakshasa (D:15)
  A catoblepas (Lair:2)
  9 hydras
  4 vault guards (D:13)
  2 alligators (Swamp:1)
  An ogre mage (D:12)
  4 centaur warriors
  7 two-headed ogres
  3 boulder beetles
  A tengu warrior (D:13)
  A death yak (Lair:5)
  An orc high priest (Orc:2)
  An occultist (D:15)
  A deep elf knight (D:13)
  A fire crab (Gauntlet)
  A spectral death yak (Lair:5)
  6 skeletal warriors
  A skyshark (Lair:2)
  Lodul (D:11)
  4 goliath frogs
  A spectral anaconda (Lair:5)
  An arcanist (D:13)
  3 bog bodies
  3 spriggan druids
  An obsidian statue (Lair:5)
  4 necromancers (Lair:5)
  3 deep elf pyromancers
  6 orc knights
  12 ugly things
  Pikel (D:8)
  3 manticores
  4 orc sorcerers
  25 elephants
  5 oklob plants
  6 cyclopes
  4 black mambas
  A dire elephant zombie (Lair:5)
  4 kobold blastminers
  4 cane toads
  A black mamba (shapeshifter) (D:13)
  4 gargoyles
  2 rime drakes
  2 unseen horrors (D:13)
  A kobold demonologist (D:13)
  An unseen horror (shapeshifter) (D:12)
  A yaktaur (D:13)
  Psyche (D:10)
  2 tengu conjurers (D:15)
  13 komodo dragons
  10 trolls
  6 polar bears
  2 tyrant leeches
  A spectral elephant (Lair:5)
  5 hornets
  21 blink frogs
  6 slime creatures
  10 spriggans
  3 fire bats (Gauntlet)
  A human (D:13)
  36 yaks
  Eustachio (D:5)
  7 wyverns
  2 steam dragons
  7 wraiths
  6 vampire mosquitoes
  2 acid dragons
  2 spectral cane toads (Lair:5)
  9 water moccasins
  5 swamp worms
  An ice beast (D:7)
  The ghost of zeteo the Sneak, an amateur SpEn of Cheibriados (D:3)
  34 orc warriors
  A black bear (D:10)
  2 swamp drakes
  A laughing skull (D:13)
  16 ogres
  A boggart (D:14)
  11 centaurs
  17 wolves
  2 elephant skeletons (Lair:5)
  3 lemures
  2 kobold brigands
  9 bullfrogs
  5 scorpions
  4 wights (D:9)
  8 killer bees
  3 howler monkeys
  2 bombardier beetles
  4 hounds
  A jelly (Lair:2)
  17 orc priests
  Jessica (D:3)
  Ijyb (D:4)
  6 iguanas
  24 orc wizards
  6 gnolls
  9 adders
  A shadow imp (D:5)
  A white imp (D:7)
  A dart slug (D:5)
  A ribbon worm (D:2)
  77 orcs
  12 ball pythons
  6 endoplasms
  7 giant cockroaches
  8 goblins
  3 hobgoblins
  3 jackals (D:2)
  4 quokkas
  5 bats
  5 frilled lizards
  13 kobolds
  3 rats
666 creatures vanquished.

Vanquished Creatures (collateral kills)
  Aizul (Swamp:1)
  2 dire elephants (Lair:5)
  A shambling mangrove (Swamp:1)
  Fannar (D:11)
  A vault guard (D:13)
  An ogre mage (D:13)
  3 hydras
  A catoblepas (Lair:3)
  3 boulder beetles
  3 two-headed ogres
  An occultist (D:13)
  2 skeletal warriors (D:12)
  An orb spider (Lair:2)
  2 orc knights (Orc:1)
  A necromancer (D:15)
  2 cyclopes
  2 orc sorcerers
  3 ugly things (D:14)
  A manticore (D:14)
  A centaur zombie (D:15)
  3 kobold blastminers
  7 elephants
  A black mamba (Lair:1)
  2 torpor snails
  7 cane toads
  A gargoyle (D:13)
  3 komodo dragons
  An efreet (D:14)
  4 trolls
  A blink frog (shapeshifter) (D:13)
  2 blink frogs
  2 hornets (Swamp:2)
  A raiju (Gauntlet)
  A raiju (shapeshifter) (D:15)
  3 slime creatures
  A spriggan (Swamp:2)
  2 wyverns
  A vampire (D:10)
  A wraith (D:10)
  A basilisk (Lair:1)
  A fire bat (Gauntlet)
  15 yaks
  A warg (Orc:1)
  A steam dragon (D:10)
  A swamp worm (Swamp:1)
  11 orc warriors
  A sky beast (shapeshifter) (D:13)
  A laughing skull (D:13)
  3 ogres
  5 wolves
  2 boggarts (D:14)
  A bullfrog (Lair:4)
  A wight (D:9)
  2 killer bees (D:9)
  2 elephant simulacra (Lair:5)
  A howler monkey (D:8)
  A jelly (Lair:2)
  7 orc priests
  5 orc wizards
  2 boggart skeletons (D:15)
  A gnoll (D:7)
  18 orcs
  An endoplasm (D:3)
  5 kobolds
  A rat (D:3)
168 creatures vanquished.

Vanquished Creatures (others)
  A bloated husk (Swamp:2)
  A wyvern (Lair:3)
  23 knights
  10 ancestors
  4 foxfires (Swamp:2)
39 creatures vanquished.

Grand Total: 873 creatures vanquished

Notes
Turn   | Place    | Note
-------+----------+-------------------------------------------
     0 | D:1      | FexLirch the Human Wanderer began the quest for the Orb.
     0 | D:1      | FexLirch set off with the following items: a +0 sling, a
                  | wand of mindburst (11), 6 boomerangs, a +0 dagger, a potion
                  | of lignification, a +0 robe.
     0 | D:1      | Reached XP level 1. HP: 13/13 MP: 2/2
   134 | D:1      | Reached XP level 2. HP: 20/20 MP: 3/3
   470 | D:1      | Reached skill level 1 in Fighting
   654 | D:1      | Reached XP level 3. HP: 26/26 MP: 4/4
   833 | D:2      | Reached skill level 3 in Ranged Weapons
   951 | D:2      | Reached XP level 4. HP: 26/32 MP: 5/5
  1835 | D:3      | Noticed Jessica
  1844 | D:3      | Killed Jessica
  1845 | D:3      | Reached XP level 5. HP: 38/38 MP: 6/6
  1892 | D:3      | Found a runed translucent gate.
  1892 | D:3      | Noticed zeteo's ghost (amateur SpEn)
  1923 | D:3      | Found a runed translucent gate.
  1925 | D:3      | Found a runed translucent gate.
  2047 | D:3      | Reached skill level 4 in Ranged Weapons
  2978 | D:4      | Reached XP level 6. HP: 46/46 MP: 7/7
  3024 | D:4      | Noticed Ijyb
  3032 | D:4      | Killed Ijyb
  3318 | D:4      | Reached skill level 5 in Ranged Weapons
  3526 | D:4      | Reached XP level 7. HP: 41/52 MP: 8/8
  3744 | D:5      | Entered Level 5 of the Dungeon
  4156 | D:5      | Found a snail-covered altar of Cheibriados.
  4231 | D:5      | Noticed Eustachio
  4242 | D:5      | Killed Eustachio
  4243 | D:5      | Reached skill level 6 in Ranged Weapons
  4253 | D:5      | Reached XP level 8. HP: 27/60 MP: 9/9
  4686 | D:6      | Found a staircase to the Ecumenical Temple.
  4702 | Temple   | Entered the Ecumenical Temple
  4734 | Temple   | Became a worshipper of Hepliaklqana the Forgotten
  5552 | D:7      | Reached skill level 7 in Ranged Weapons
  5593 | D:7      | Reached * piety under Hepliaklqana
  5724 | D:7      | Reached skill level 5 in Dodging
  5819 | D:7      | Reached skill level 5 in Fighting
  6023 | D:7      | Reached skill level 8 in Ranged Weapons
  6328 | D:8      | Reached XP level 9. HP: 42/61 MP: 10/10
  6407 | D:8      | Noticed Pikel
  6937 | D:8      | Found a blossoming altar of Fedhas.
  6967 | D:8      | Reached skill level 9 in Ranged Weapons
  7011 | D:8      | Killed Pikel
  7533 | D:9      | Reached skill level 10 in Ranged Weapons
  7542 | D:9      | Reached XP level 10. HP: 69/69 MP: 11/11
  7661 | D:9      | Noticed a two-headed ogre
  7674 | D:9      | Killed a two-headed ogre
  7887 | D:8      | Reached skill level 11 in Ranged Weapons
  8062 | D:9      | Found a transporter.
  8106 | D:9      | Found a stormy altar of Qazlal.
  8120 | D:9      | Identified the +5 scimitar "Laibenoa" {heavy, Int+3}
  8281 | D:9      | Found a staircase to the Orcish Mines.
  8334 | D:9      | Reached XP level 11. HP: 50/77 MP: 12/12
  8555 | D:9      | Noticed a two-headed ogre
  8561 | D:9      | Killed a two-headed ogre
  8562 | D:9      | Reached skill level 12 in Ranged Weapons
  8714 | D:9      | Reached ** piety under Hepliaklqana
  8911 | D:9      | Remembered your ancestor LexFirch as a knight
  8913 | D:10     | Entered Level 10 of the Dungeon
  9093 | D:10     | Noticed Josephine
  9111 | D:10     | Killed Josephine
  9112 | D:10     | Reached skill level 1 in Stealth
  9293 | D:10     | Noticed Psyche
  9502 | D:10     | Noticed Urug
  9638 | D:11     | Noticed Lodul
  9638 | D:11     | Noticed Fannar
  9781 | D:10     | Killed Psyche
  9904 | D:10     | Urug changed into Urug the swamp worm
  9904 | D:10     | Noticed Urug
  9907 | D:10     | Killed Urug the swamp worm
 10000 | D:10     | Found a staircase to the Lair.
 10255 | D:11     | Reached skill level 13 in Ranged Weapons
 10267 | D:11     | Noticed a manticore
 10548 | Lair:1   | Entered Level 1 of the Lair of Beasts
 10592 | Lair:1   | Found a bloodstained altar of Trog.
 10663 | Lair:1   | Reached XP level 12. HP: 85/85 MP: 13/13
 10709 | Lair:1   | Found an ornate altar of the Wu Jian Council.
 10709 | Lair:1   | Found a hide-covered altar of Uskayaw.
 10709 | Lair:1   | Noticed a boulder beetle
 10723 | Lair:1   | Killed a boulder beetle
 10865 | Lair:1   | Reached *** piety under Hepliaklqana
 11567 | Lair:2   | Found a staircase to the Swamp.
 11750 | Lair:2   | Reached skill level 14 in Ranged Weapons
 11755 | Lair:2   | Reached skill level 10 in Dodging
 11786 | Lair:2   | Reached skill level 5 in Stealth
 11791 | Lair:2   | Found a gate leading to a gauntlet.
 11800 | Gauntlet | Entered a Gauntlet
 11800 | Gauntlet | Found a transporter.
 11808 | Gauntlet | Found a transporter.
 11810 | Gauntlet | Found a transporter.
 11811 | Gauntlet | Found a transporter.
 11819 | Gauntlet | Found a transporter.
 11822 | Gauntlet | Found a transporter.
 11823 | Gauntlet | Found a transporter.
 11890 | Gauntlet | Found a transporter.
 11891 | Gauntlet | Found a transporter.
 11899 | Gauntlet | Found a transporter.
 11904 | Gauntlet | Found a transporter.
 11911 | Gauntlet | Found a transporter.
 11932 | Gauntlet | Found a transporter.
 11944 | Gauntlet | Found a transporter.
 11999 | Gauntlet | Reached skill level 10 in Fighting
 12131 | Gauntlet | Identified the amulet of Kuaqurei {RegenMP rC+ Will+}
 12292 | Gauntlet | Identified the +8 ice dragon scales of Zidy {rElec rF- rC++
                  | Int+3 Dex+3}
 12292 | Gauntlet | Identified the +4 tower shield of the Cicada {Str+7}
 12292 | Gauntlet | Identified the ring of Lamuungown {rElec rPois rC+ MP+9
                  | Dex-3}
 12292 | Gauntlet | Noticed a minotaur
 12336 | Gauntlet | Got Asmodeus's Discursus on the Throng
 12615 | Lair:2   | Noticed a four-headed hydra
 12622 | Lair:2   | Killed a four-headed hydra
 12724 | Lair:2   | Found a hole to the Spider Nest.
 12753 | Lair:2   | Reached XP level 13. HP: 93/93 MP: 14/14
 12927 | Lair:2   | Found a runed translucent gate.
 12927 | Lair:2   | Found a runed translucent gate.
 12927 | Lair:2   | Found a runed translucent gate.
 12932 | Lair:2   | Reached **** piety under Hepliaklqana
 12977 | Lair:2   | Reached skill level 15 in Ranged Weapons
 13100 | Lair:2   | Noticed jimmypageman's ghost (journeyman MiFi)
 13101 | Lair:2   | Noticed a great orb of eyes
 13103 | Lair:2   | Found a viscous altar of Jiyva.
 13336 | Lair:2   | Reached skill level 1 in Invocations
 15285 | Lair:4   | Reached skill level 16 in Ranged Weapons
 15303 | Lair:4   | Reached XP level 14. HP: 101/101 MP: 17/17
 15459 | Lair:3   | Reached skill level 5 in Invocations
 15984 | Lair:5   | Entered Level 5 of the Lair of Beasts
 16287 | Lair:5   | Found a staircase to the Slime Pits.
 16354 | Lair:5   | Found a viscous altar of Jiyva.
 16359 | Lair:5   | Reached skill level 1 in Alchemy
 16442 | Lair:5   | Reached ***** piety under Hepliaklqana
 16474 | Lair:5   | Gained mutation: You are dopey. (Int -2) [potion of
                  | mutation]
 16474 | Lair:5   | Gained mutation: You have sharp toenails. [potion of
                  | mutation]
 16474 | Lair:5   | Gained mutation: Your spells are a little harder to cast,
                  | but a little more powerful. [potion of mutation]
 16475 | Lair:5   | Lost mutation: Your spells are a little harder to cast, but
                  | a little more powerful. [potion of mutation]
 16475 | Lair:5   | Lost mutation: You are dopey. (Int -2) [potion of mutation]
 16475 | Lair:5   | Gained mutation: You passively map a small area around you.
                  | [potion of mutation]
 16475 | Lair:5   | Gained mutation: You are resistant to electric shocks.
                  | (rElec) [potion of mutation]
 16806 | Lair:5   | Learned a level 4 spell: Olgreb's Toxic Radiance
 17163 | Lair:5   | Noticed a dire elephant
 17163 | Lair:5   | Noticed a dire elephant
 17164 | Lair:5   | Noticed a dire elephant
 17190 | Lair:5   | Noticed a dire elephant
 17194 | Lair:5   | Noticed a dire elephant
 17211 | Lair:5   | Killed a dire elephant
 17226 | Lair:5   | Killed a dire elephant
 17556 | Lair:5   | Noticed a dire elephant
 17574 | Lair:5   | Killed a dire elephant
 17886 | Lair:5   | Killed a dire elephant
 18217 | Lair:5   | Killed a dire elephant
 18218 | Lair:5   | Reached XP level 15. HP: 85/108 MP: 17/20
 18223 | Lair:5   | Learned a level 4 spell: Ignite Poison
 18337 | Lair:5   | Identified the staff of the Summoning Vulture {^Contam rC++
                  | rN+ Summ Earth}
 18532 | Orc:1    | Entered Level 1 of the Orcish Mines
 18766 | Orc:1    | Found a transporter.
 18767 | Orc:1    | Noticed Endellion's ghost (journeyman DsFi)
 18767 | Orc:1    | Found the +1 cloak of Starlight {*Dazzle EV+4 Stlth--}
 18919 | Orc:1    | Found a transporter.
 19019 | Orc:1    | Reached skill level 1 in Fire Magic
 19090 | Orc:1    | Reached skill level 17 in Ranged Weapons
 19249 | Orc:2    | Entered Level 2 of the Orcish Mines
 19746 | Orc:2    | Noticed an orc warlord
 19871 | Orc:2    | Found Ofettuc's Antique Weapon Boutique.
 19875 | Orc:2    | Found Utihuogg's Antique Armour Shop.
 20223 | Orc:2    | Killed an orc warlord
 20305 | Orc:2    | Found Atucumih's Antique Weapon Boutique.
 20391 | Orc:2    | Found Kety's Antique Weapon Shoppe.
 20535 | Orc:2    | Found a staircase to the Elven Halls.
 20668 | Orc:2    | Bought a faintly glowing arbalest for 275 gold pieces
 20668 | Orc:2    | Identified the +5 arbalest "Luloiliv" {heavy, rF+ Will+}
                  | (You bought it in a shop on level 2 of the Orcish Mines)
 20670 | Orc:2    | Upgraded the game from 0.31.0-12-g77e489cdc1 to
                  | 0.31.0-32-g396128a36d
 21024 | D:3      | Killed zeteo's ghost
 21535 | Lair:2   | Identified the ring of the Voivode {*Corrode rC++ MP+9
                  | Dex+5}
 21819 | Lair:2   | Killed jimmypageman's ghost
 22081 | D:11     | Killed Fannar
 22429 | D:12     | Reached skill level 5 in Alchemy
 22442 | D:12     | Identified the +0 robe of Weirdness {rF+ Str+3 Dex+4}
 22764 | D:12     | Found Jyek's Distillery.
 22768 | D:12     | Bought a potion of might for 72 gold pieces
 22768 | D:12     | Bought a potion of berserk rage for 90 gold pieces
 22768 | D:12     | Bought a potion of heal wounds for 90 gold pieces
 22953 | D:12     | Reached XP level 16. HP: 117/117 MP: 22/22
 23018 | D:13     | Learned a level 2 spell: Blink
 23850 | D:13     | Found a gate to the Vaults.
 23968 | D:13     | Reached skill level 5 in Fire Magic
 25125 | D:14     | Identified the ring "Jokogod" {Will+ Int+4 Dex+4}
 25133 | D:14     | Identified the +8 war axe of Action {vamp, rC+ Int+2 Dex+4}
 25322 | D:14     | Found Racir's Antique Armour Boutique.
 25403 | D:15     | Entered Level 15 of the Dungeon
 25916 | D:15     | Noticed Agnes
 25930 | D:15     | Killed Agnes
 26101 | D:15     | Found a staircase to the Depths.
 26109 | D:15     | Reached XP level 17. HP: 124/124 MP: 24/24
 26421 | D:11     | Killed Lodul
 26422 | D:11     | Reached skill level 18 in Ranged Weapons
 26493 | Swamp:1  | Entered Level 1 of the Swamp
 26597 | Swamp:1  | Reached skill level 1 in Translocations
 26600 | Swamp:1  | Found a runed translucent gate.
 26600 | Swamp:1  | Found a runed translucent gate.
 26600 | Swamp:1  | Found a runed translucent gate.
 26603 | Swamp:1  | Noticed velxir3's ghost (journeyman GrEE)
 26643 | Swamp:1  | Reached skill level 10 in Invocations
 26762 | Swamp:1  | Identified the serpent talisman of the Vaults {Str+4}
 26762 | Swamp:1  | Noticed Aizul
 26775 | Swamp:1  | Killed Aizul
 27328 | Swamp:2  | Learned a level 3 spell: Gell's Gravitas
 27332 | Swamp:2  | Learned a level 3 spell: Teleport Other
 27496 | Swamp:2  | Identified the +8 flail of Inflation {antimagic, rElec}
 27581 | Swamp:2  | Killed from afar by an eleionoma

Illustrated notes

Levels and vault maps discovered:
D:1:      nicolae_arrival_washed_ashore, layout_loops_ring
D:2:      layout_basic
D:3:      layout_basic, gammafunk_ghost_split, uniq_jessica
D:4:      layout_gridville, uniq_ijyb
D:5:      layout_rooms, mainiacjoe_overflow_small_starburst,
          chequers_serial_rivers_micro_b, uniq_eustachio
D:6:      layout_basic, minmay_temple_entry_offerings
D:7:      layout_basic, serial_glass, glass_columns_a, glass_columns_a,
          glass_columns_b, glass_columns_a, glass_columns_a, glass_columns_a,
          glass_columns_a, glass_columns_c, amcnicky_mini_corridor_feature
D:8:      layout_loops_ring, fedhas_altar_4, uniq_pikel
D:9:      layout_basic, nicolae_qazlal_general_emergency, erik_orc_1,
          dreamdust_mushroom_princess, nicolae_diode_basic
D:10:     layout_basic, grunt_lair_entry_orc_guard_hut,
          serial_library_hellmonk_small_corner, uniq_josephine, uniq_psyche,
          uniq_urug
D:11:     layout_roguey, minmay_misc_feat_tiny, kennysheep_nondescript,
          nzn_sisyphean_effort, uniq_lodul, uniq_fannar
D:12:     layout_roguey, serial_shops, shop
D:13:     minmay_the_grid_4x2 [minmay_the_grid_minigrid_large,
          minmay_the_grid_spikes, minmay_the_grid_doors, minmay_the_grid_mess,
          minmay_the_grid_garden, minmay_the_grid_rooms,
          minmay_the_grid_all_tris, minmay_the_grid_prize_big_room],
          layout_long_grid, grunt_vaults_entry_fortified, laboratory
D:14:     layout_basic, serial_shops, shop, serial_library_hellmonk_hallway_b
D:15:     grunt_enter_depths_magical_seal, layout_loops_cross,
          ebering_dispersal_statue_hall, uniq_agnes
Temple:   nicolae_temple_bog_church
Lair:1:   layout_roguey, basic_altar, serial_forest,
          infiniplex_forest_clump_long, infiniplex_forest_lined_2,
          infiniplex_forest_lined_2, infiniplex_forest_straight_3,
          infiniplex_forest_straight_2, nzn_masters_of_martial_movement
Lair:2:   layout_layer_cave, minmay_swamp_entry_worms,
          nicolae_spider_entry_orb_guardian, gauntlet_entry_generic,
          gammafunk_ghost_ooze, grunt_megastairs_1
Lair:3:   layout_chaotic_city, st_stairs_3, hangedman_lair_unloving_vines,
          cheibrodos_lair_lostbears
Lair:4:   layout_hall_layers
Lair:5:   due_jungle_book, layout_regular_city, minmay_slime_entry_oklob_open,
          serial_bayou_ford_a, infiniplex_staircase_pool_2
Swamp:1:  layout_basic_swamp, gammafunk_ghost_hydra_chop,
          evilmike_swamp_ruin_house_3, nicolae_swamp_spriggan_camp, uniq_aizul
Swamp:2:  nzn_winding_woodlands_cross [nzn_winding_woodlands_5x15_jagged,
          nzn_winding_woodlands_5x15_concentric,
          nzn_winding_woodlands_5x15_pool, nzn_winding_woodlands_5x15_longhouse,
          nzn_winding_woodlands_15x15_five_gardens], layout_basic_swamp,
          evilmike_swamp_ruin_rubble_1, nicolae_swamp_godswood
Orc:1:    layout_diamond_mine, gammafunk_ghost_berserking_beasts, special_room
          [special_room_orc]
Orc:2:    grunt_orc_community_town_hall, layout_caves,
          grunt_orc_community_big_house_2, grunt_orc_community_big_house_1,
          grunt_orc_community_house_2, grunt_orc_community_house_1,
          grunt_orc_community_house_3, grunt_orc_community_house_1,
          grunt_orc_community_house_3, basic_altar

Skill      XL: |  1  2  3  4  5  6  7  8  9 10 11 12 13 14 15 16 17 |
---------------+----------------------------------------------------+-----
Fighting       | 1 2 3 4 5 6 8 9 10 11 12 13 14 | 14.1
Ranged Weapons | 3 4 5 6 8 10 11 13 14 16 17 18 | 18.2
Dodging        | 2 3 4 5 6 8 9 10 11 12 13 14 | 14.2
Stealth        | 3 6 7 |  7.0
Invocations    | 4 6 8 9 10 | 10.3
Alchemy        | 3 5 7 |  7.9
Spellcasting   | 3 4 |  4.8
Fire Magic     | 4 6 |  6.3
Translocations | 2 |  2.5
Throwing       | |  2.0
Evocations     | |  4.0

Action                     |  1- 3 |  4- 6 |  7- 9 | 10-12 | 13-15 | 16-18 || total
---------------------------+-------+-------+-------+-------+-------+-------++-------
  Melee: Dagger            |     7 |       |       |       |       |       ||     7
   Fire: Sling             |    93 |   189 |    47 |       |       |       ||   329
         Orcbow            |       |       |   300 |   656 |   920 |       ||  1876
         Arbalest          |       |       |       |       |   378 |   486 ||   864
  Throw: Boomerang         |     1 |       |       |       |       |       ||     1
         Dart              |     3 |    16 |    14 |     8 |       |       ||    41
         Javelin           |       |       |       |       |     3 |     1 ||     4
   Cast: Olgreb's Toxic Ra |       |       |       |       |    45 |    45 ||    90
         Ignite Poison     |       |       |       |       |     9 |    25 ||    34
         Gell's Gravitas   |       |       |       |       |       |     4 ||     4
         Teleport Other    |       |       |       |       |       |     1 ||     1
 Invoke: Recall Ancestor   |       |       |     2 |     8 |    12 |     3 ||    25
         Ancestor Identity |       |       |     1 |       |       |       ||     1
         Ancestor Life: Kn |       |       |       |     1 |       |       ||     1
         Transference      |       |       |       |       |     3 |     1 ||     4
         Idealise          |       |       |       |       |     5 |     1 ||     6
  Evoke: Wand              |     1 |     2 |     1 |    10 |     8 |       ||    22
    Use: Scroll            |       |       |    15 |     6 |     3 |     8 ||    32
         Potion            |       |       |     1 |     1 |     3 |     1 ||     6
 Armour: Leather armour    |    24 |       |       |    52 |       |       ||    76
         Robe              |    11 |    47 |   127 |    35 |   143 |    59 ||   422
         Skin              |       |       |     3 |       |       |       ||     3
  Dodge: Dodged            |    20 |    87 |   147 |   114 |   266 |   176 ||   810
